Unix NetHack Version 5.0.0-0 post-release - last build Jul 14 2026 02:55:29 (1809b74e8187c3a3585e283601c3028b46cbbdcb,branch:main).

Game began 2026-07-17 10:45:32, ended 2026-07-17 11:06:57.

Clayface, chaotic female human Rogue

         ------         ---------------       ------------
         |.*...#########...@......:...|       |..........|
         |...*|         |.............|       |....<.....|
         |....|         |.............|       |..........|
         ---.--         |.............|       |...(......|    ------
            #           ----------.----      #..........F.### |.[.[|
            #                     #          #|..........|  ##|.[[.|
            #                     #         ##------------   #|.[[[|
       ######                    ##         #                #-.[[[|
       #                         #          #                 |.[[[|
     --.--------                 #          #                 ------
     |.........|                 #          #
     |......`..|   ################        ###
     |....>....-####        -.--.-----------#
     -----------            |..............|#
                            |..............|#
                            |...............#
                            ----------------

Clayface the Cutpurse   St:17 Dx:18 Co:14 In:7 Wi:7 Ch:12  Chaotic
Dlvl:2  $:67 HP:24(24) Pw:9(9) AC:3  Xp:3 T:1621  Burdened

Latest messages:
 You have a little trouble lifting 2 +0 daggers.  Continue? [ynq] (q) y
 You have a little trouble lifting k - 2 +0 daggers (at the ready) (4 in total).
 Your movements are slowed slightly because of your load.
 You have a little trouble lifting A - a gray stone.
 The gecko bites!
 In what direction? 6
 You throw 2 daggers.
 The 1st dagger hits the gecko.
 You kill the gecko!
 You see here a +0 dagger.
 What do you want to call? [ghlmostzA or ?*] A
 Call a gray stone: flint
 What do you want to drop? [$bce-hk-moq-tzA or ?*] A
 You drop a stone called flint.
 Your movements are now unencumbered.
 You have a little trouble lifting a +0 dagger.  Continue? [ynq] (q) y
 You have a little trouble lifting k - a +0 dagger (at the ready) (3 in total).
 Your movements are slowed slightly because of your load.
 You swap places with your kitten.
 The kitten picks up a stone called flint.
 The kitten drops a stone called flint.
 You see here a +0 dagger.
 You have a little trouble lifting k - a +0 dagger (at the ready) (4 in total).
 You swap places with your kitten.
 You see here a chain mail.
 You hit the grid bug.
 The grid bug just misses!
 You kill the grid bug!
 The kitten bites the grid bug.
 The grid bug is killed!
 You see here a lock pick.
 You see here a +0 dagger.
 You swap places with your kitten.
 You see here a +0 dagger.
 You have a little trouble lifting k - a +0 dagger (at the ready) (5 in total).
 You swap places with your kitten.
 You climb up the stairs.
 Something is engraved here on the stairs.
 You read: "Elbereth".
 You climb up the stairs.
 What do you want to dip? [bce-hk-moq-tz or ?*] m
 Dip the gray stone into the fountain? [yn] (n) y
 Nothing seems to happen.
 The fountain dries up!
 Really quit without saving? [yn] (n) y
 Do you want your possessions identified? [ynq] (y) y
 Do you want to see your attributes? [ynq] (y) n
 Do you want an account of creatures vanquished? [ynaq] (y) n
 Do you want to see your conduct and achievements? [ynq] (y) n
 Do you want to see the dungeon overview? [ynq] (y) n

Inventory:
 Coins    ('$')
  $ - 67 gold pieces
 Amulets  ('"')
  q - an uncursed amulet of guarding (being worn)
  z - an uncursed amulet versus poison
 Weapons  (')')
  k - 5 +0 daggers (at the ready)
  b - a rusty +0 dagger (weapon in right hand)
 Armor    ('[')
  h - an uncursed +0 orcish helm (being worn)
  o - an uncursed +0 pair of jumping boots (being worn)
  c - an uncursed +1 leather armor (being worn)
 Scrolls  ('?')
  t - an uncursed scroll of create monster
  s - an uncursed scroll of remove curse
  l - an uncursed scroll of scare monster
 Wands    ('/')
  r - a wand of digging (0:3)
  g - a wand of polymorph (0:4)
 Tools    ('(')
  f - an empty uncursed sack
  e - an uncursed lock pick
 Gems/Stones  ('*')
  m - a cursed loadstone (alternate weapon; not wielded)

Clayface the Rogue's attributes:

Background:
 You were a Cutpurse, a level 3 female human Rogue.
 You were chaotic, on a mission for Kos
 who was opposed by Issek (lawful) and Mog (neutral).
 You were right-handed.
 You were in the Dungeons of Doom, on level 2.
 You entered the dungeon 1621 turns ago.
 There was a new moon in effect when your adventure ended.
 You had 62 experience points, 18 more were needed to attain level 4.

Basics:
 You had all 24 hit points.
 You had all 9 energy points (spell power).
 Your armor class was 3.
 Your wallet contained 67 zorkmids.
 Autopickup was off.

Final Characteristics:
 Your strength was 17 (limit:18/100).
 Your dexterity was 18 (limit:18).
 Your constitution was 14 (limit:18).
 Your intelligence was 7 (limit:18).
 Your wisdom was 7 (limit:18).
 Your charisma was 12 (limit:18).

Final Status:
 You weren't hungry.
 You were burdened; movement was slightly slowed.
 You were wielding a dagger.
 You had basic skill with dagger.

Final Attributes:
 You were devoutly aligned.
 You were stealthy.
 You could jump.
 You had a small defense bonus (+2).
 You were protected.
 You survived.

Miscellaneous:
 You didn't encounter any bones levels.
 Total elapsed playing time was 21 minutes and 24 seconds.

Major events:
 Turn
    1: Clayface the chaotic female human Rogue entered the dungeon
 1244: attained the rank of Cutpurse (level 3)
 1391: entered the Gnomish Mines
 1621: quit

You didn't know any spells.

Skills:
 Fighting Skills
   bare handed combat [Unskilled]
   two weapon combat  [Unskilled]
   riding             [Unskilled]
 Weapon Skills
   dagger             [Basic]
   knife              [Unskilled]
   short sword        [Basic]
   broadsword         [Unskilled]
   long sword         [Unskilled]
   two-handed sword   [Unskilled]
   saber              [Unskilled]
   club               [Unskilled]
   mace               [Unskilled]
   morning star       [Unskilled]
   flail              [Unskilled]
   hammer             [Unskilled]
   polearms           [Unskilled]
   spear              [Unskilled]
   crossbow           [Unskilled]
   dart               [Unskilled]
   shuriken           [Unskilled]
 Spellcasting Skills
   divination spells  [Unskilled]
   escape spells      [Unskilled]
   matter spells      [Unskilled]

Voluntary challenges:
 Character rerolling was not enabled.
 You never genocided any monsters.
 You never polymorphed an object.
 You never changed form.
 You used no wishes.
Achievements:
 You entered a shop.
 You attained the rank of Cutpurse.
 You entered the Gnomish Mines.

 The Dungeons of Doom: levels 1 to 4
    Level 1:
       Some fountains.
    Level 2: <- You were here.
       An armor shop.
    Level 3:
       A sink.
    Level 4:
       An altar to Kos, a sink.
       Stairs down to The Gnomish Mines.
 The Gnomish Mines:
    Level 5:


Vanquished creatures:
  a giant bat
  2 hobbits
  3 manes
  2 giant rats
  a green mold
  a garter snake
  a gecko
  3 jackals
  2 goblins
  a sewer rat
  5 grid bugs
  3 lichens
  6 newts
31 creatures vanquished.

No species were genocided or became extinct.

Goodbye Clayface the Rogue...

You quit in The Dungeons of Doom on dungeon level 2 with 525 points,
and 67 pieces of gold, after 1621 moves.
You were level 3 with a maximum of 24 hit points when you quit.

